 Dungeon Sprint DCSS version 0.28-a0-909-g796cbd3a86 (webtiles) character file.

Game seed: 7902345943275154944

2520 Turgor the Imperceptible (level 9, 0/39 HPs)
             Began as a Spriggan Enchanter on Nov 24, 2021.
             Was a Believer of Dithmenos.
             Slain by a demonic crawler (2 damage)
             ... in the Dungeon (Sprint I: "Red Sonja").
             The game lasted 00:07:54 (535 turns).

Turgor the Imperceptible (Spriggan Enchanter)        Turns: 535, Time: 00:07:55

Health: 0/39       AC:  2    Str:  4    XL:     9   Next: 29%
Magic:  20/23      EV: 17    Int: 16    God:    Dithmenos [**....]
Gold:   682        SH:  0    Dex: 19    Spells: 22/27 levels left

rFire   . . .      SeeInvis +   a - +1 dagger
rCold   . . .      Faith    .   (shield restricted)
rNeg    . . .      Spirit   .   b - +0 robe
rPois   .          Reflect  .   (helmet restricted)
rElec   .          Harm     .   (no cloak)
rCorr   .          Rampage  .   (gloves unavailable)
Will    +....      NoTele   +   (boots unavailable) Stlth *+++++++++
                                (no amulet)
HPRegen 0.13/turn               (no ring)
MPRegen 0.18/turn               (no ring)

@: confusing by touch, wreathed by umbra, very quick
A: very small, no large weapons, unfitting armour, see invisible, speed 3
a: Renounce Religion, Shadow Step


You were in the Dungeon.
You worshipped Dithmenos.
Dithmenos was pleased with you.
You visited 1 branch You collected 823 gold pieces.
You spent 141 gold pieces at shops.

Inventory:

Hand Weapons
 a - a +1 dagger (weapon)
 j - a +0 dagger of distortion
Missiles
 k - 2 curare-tipped darts (quivered)
Armour
 b - a +0 robe (worn)
Scrolls
 h - a scroll of immolation {unknown}
 i - a scroll of blinking
 l - a scroll of identify {unknown}
 n - a scroll of enchant armour {unknown}
Potions
 c - a potion of invisibility
 d - 3 potions of curing
 e - a potion of heal wounds
 g - 2 potions of magic
 m - 2 potions of flight {unknown}
 o - a potion of brilliance {unknown}


   Skills:
 + Level 8.5 Short Blades
 - Level 2.6 Dodging
 * Level 22.5 Stealth
 + Level 9.6 Spellcasting
 * Level 13.3 Hexes


You had 22 spell levels left.
You knew the following spells:

 Your Spells              Type           Power      Damage    Failure   Level
a - Ensorcelled Hibernat  Hex/Ice        58%        N/A       1%          2
b - Confusing Touch       Hex            50%        N/A       1%          3

Your spell library contained the following spells:

 Spells                   Type           Power      Damage    Failure   Level
 Dazzling Flash           Conj/Hex       58%        N/A       1%          3
 Tukima's Dance           Hex            50%        N/A       1%          3


Dungeon Overview and Level Annotations

Branches:
Dungeon (1/1)

Altars:
Cheibriados
Dithmenos
Elyvilon
Fedhas
Gozag
Hepliaklqana
Kikubaaqudgha
Makhleb
Nemelex Xobeh
Okawaru
Qazlal
Ru
Sif Muna
Trog
Uskayaw
Vehumet
Wu Jian
Xom
Yredelemnul
Zin
The Shining One
Jiyva
Lugonu

Shops:
D *([


Innate Abilities, Weirdness & Mutations

You are very small and have problems with some larger weapons.
You are too small for most types of armour.
You have supernaturally acute eyesight. (SInv)
You cover ground extremely quickly. (Speed+++)


Message History

Your hands stop glowing.
You start resting.
Your extra speed is starting to run out.
You start resting.
You feel yourself slow down.
You start resting.
Magic restored.
You start resting.
HP restored.
You open the door.
There is an open door here.
Things that are here:
a +0 scythe; a +2 robe of resistance; the human skeleton of Sigmund
There is an open door here.
There is an open door here.
There is an open door here.
There is an open door here.
There is an open door here.
Casting: Confusing Touch (safe; 1% risk of failure)
Confirm with . or Enter, or press ? or * to list all spells.
Your hands begin to glow red.
The demonic crawler gives a hideous shriek!
You hit the demonic crawler but do no damage.
The demonic crawler hits you. The demonic crawler misses you. x2
You hit the demonic crawler but do no damage.
The demonic crawler hits you! x2; The demonic crawler barely misses you.
You hit the demonic crawler but do no damage.
The demonic crawler hits you. The demonic crawler barely misses you.
The demonic crawler hits you.
You hit the demonic crawler but do no damage.
You hit the demonic crawler but do no damage.
The demonic crawler hits you but does no damage. x2
The demonic crawler hits you!
* * * LOW HITPOINT WARNING * * *
You hit the demonic crawler but do no damage.
The demonic crawler hits you but does no damage.
The demonic crawler hits you.
* * * LOW HITPOINT WARNING * * *
The demonic crawler hits you.
You die...

########################
.#..'..#.)'..#__#..')..#
.)..#.)'..#..'..@s.#)..##+#
.#####'#####'#__####...s..#
.####..#...#.#### #####..+
.#__####..##[# +##
.#_____##'#_.+
⌠#_.∩..†'..._#
##_..__##_.#'#
#_____###'#|# ###
##########.####+###)##


You could see a demonic crawler.

Vanquished Creatures
  Sonja (D)
  A deep troll (D)
  2 kobold demonologists (D)
  A demonic crawler (D)
  A slime creature (D)
  Sigmund (D)
  A yak (D)
  A floating eye (D)
  An ogre (D)
  A jelly (D)
  Ijyb (D)
12 creatures vanquished.

Vanquished Creatures (others)
  2 ballistomycete spores (D)
2 creatures vanquished.

Grand Total: 14 creatures vanquished

Notes
Turn   | Place    | Note
-------+----------+-------------------------------------------
     0 | D        | Turgor the Spriggan Enchanter began the quest for the Orb.
     0 | D        | Reached XP level 1. HP: 9/9 MP: 5/5
     1 | D        | Noticed Ijyb
     6 | D        | Killed Ijyb
     7 | D        | Reached skill level 10 in Stealth
     7 | D        | Reached XP level 2. HP: 13/13 MP: 6/6
    34 | D        | Noticed an ogre
    37 | D        | Killed an ogre
    38 | D        | Reached skill level 14 in Stealth
    38 | D        | Reached XP level 3. HP: 16/16 MP: 8/8
    38 | D        | Reached XP level 4. HP: 21/21 MP: 9/9
    46 | D        | Noticed Sigmund
    49 | D        | Killed Sigmund
    50 | D        | Reached skill level 18 in Stealth
    50 | D        | Reached XP level 5. HP: 24/24 MP: 10/10
    50 | D        | Reached XP level 6. HP: 28/28 MP: 11/11
    56 | D        | Learned a level 2 spell: Ensorcelled Hibernation
    60 | D        | Learned a level 3 spell: Confusing Touch
    69 | D        | Found an ornate altar of the Wu Jian Council.
    69 | D        | Found a shimmering blue altar of Sif Muna.
    71 | D        | Found a radiant altar of Vehumet.
    76 | D        | Reached skill level 19 in Stealth
   101 | D        | Found Ruoxteob's Weapon Emporium.
   101 | D        | Found an ancient bone altar of Kikubaaqudgha.
   101 | D        | Found a hazy altar of Hepliaklqana.
   101 | D        | Found a hide-covered altar of Uskayaw.
   101 | D        | Found a basalt altar of Yredelemnul.
   101 | D        | Found an opulent altar of Gozag.
   101 | D        | Found a snail-covered altar of Cheibriados.
   101 | D        | Found a sacrificial altar of Ru.
   101 | D        | Found a shadowy altar of Dithmenos.
   101 | D        | Noticed a yak
   102 | D        | Found a stormy altar of Qazlal.
   102 | D        | Found a blossoming altar of Fedhas.
   102 | D        | Found a bloodstained altar of Trog.
   102 | D        | Found an iron altar of Okawaru.
   102 | D        | Found a glowing golden altar of the Shining One.
   102 | D        | Found a glowing silver altar of Zin.
   102 | D        | Found a white marble altar of Elyvilon.
   103 | D        | Killed a yak
   104 | D        | Found a sparkling altar of Nemelex Xobeh.
   112 | D        | Became a worshipper of Dithmenos the Shadowed
   122 | D        | Noticed Sonja
   126 | D        | Killed Sonja
   127 | D        | Reached skill level 20 in Stealth
   127 | D        | Reached skill level 10 in Hexes
   127 | D        | Reached XP level 7. HP: 32/32 MP: 13/18
   137 | D        | Noticed a deep troll
   141 | D        | Killed a deep troll
   142 | D        | Reached XP level 8. HP: 36/36 MP: 13/21
   152 | D        | Found Wipukh's Armour Emporium.
   204 | D        | Found Emion's Assorted Antiques.
   212 | D        | Bought a scroll labelled QAICOXTIUWK for 30 gold pieces
   212 | D        | Bought 2 red potions for 54 gold pieces
   212 | D        | Bought a scroll labelled HOMORGH MATANOT for 30 gold pieces
   212 | D        | Bought an inky potion for 27 gold pieces
   291 | D        | Found a burning altar of Makhleb.
   291 | D        | Found a viscous altar of Jiyva.
   291 | D        | Found a shimmering altar of Xom.
   291 | D        | Found a corrupted altar of Lugonu.
   291 | D        | Noticed a slime creature
   294 | D        | Killed a slime creature
   294 | D        | Reached * piety under Dithmenos
   295 | D        | Reached skill level 21 in Stealth
   307 | D        | Noticed a kobold demonologist
   315 | D        | Paralysed by a floating eye for 2 turns
   323 | D        | Paralysed by a floating eye for 2 turns
   330 | D        | Paralysed by a floating eye for 2 turns
   342 | D        | Noticed a kobold demonologist
   347 | D        | Killed a kobold demonologist
   348 | D        | Reached XP level 9. HP: 34/39 MP: 13/23
   349 | D        | Killed a kobold demonologist
   349 | D        | Reached ** piety under Dithmenos
   350 | D        | Reached skill level 22 in Stealth
   354 | D        | Noticed a demonic crawler
   354 | D        | Noticed a demonic crawler
   354 | D        | Noticed a demonic crawler
   354 | D        | Noticed a demonic crawler
   363 | D        | Killed a demonic crawler
   535 | D        | Slain by a demonic crawler

Illustrated notes

Levels and vault maps discovered:
D:        dungeon_sprint_1 [red_sonja_temple_1, red_sonja_temple_small_1]

Skill      XL: |  1  2  3  4  5  6  7  8  9 |
---------------+----------------------------+-----
Stealth        | 10 14 18 20 21 22 | 22.5
Spellcasting   | 7 8 9 |  9.6
Hexes          | 10 11 12 13 | 13.3
Short Blades   | 6 7 8 |  8.5
Dodging        | |  2.6

Action                   |  1- 3 |  4- 6 |  7- 9 || total
-------------------------+-------+-------+-------++-------
Melee: Dagger            |     5 |     4 |    29 ||    38
 Cast: Ensorcelled Hiber |       |       |     6 ||     6
       Confusing Touch   |       |       |     3 ||     3
  Use: Potion            |     1 |       |     1 ||     2
 Stab: Sleeping          |     1 |     4 |     4 ||     9
       Confused          |       |       |     2 ||     2
Armor: Robe              |       |       |     5 ||     5
Dodge: Dodged            |     1 |       |    19 ||    20

Table legend: (Time is in decaauts)
 A = Elapsed time spent in this place.
 B = Non-inter-level travel time spent in this place.
 C = Inter-level travel time spent in this place.
 D = Time resting spent in this place.
 E = Time spent auto-exploring this place.
 F = Levels seen in this place.
 G = Mean time per level.
                   A        B        C        D        E       F      G
               +--------+--------+--------+--------+--------+-----+--------+
         Total |    432 |    432 |      0 |    213 |      0 |   1 |  432.0 |
       Dungeon |    432 |    432 |      0 |    213 |      0 |   1 |  432.0 |
               +--------+--------+--------+--------+--------+-----+--------+

Top non-repeatable levels by time:
       D: 432 daAuts
